 Dungeon Sprint DCSS version 0.25.0-46-gbd7b0854d2 (webtiles) character file.

Game seed: 3750630846142259770

85 MordorOrchid the Skirmisher (level 4, -4/43 HPs)
             Began as a Gnoll Abyssal Knight on July 17, 2020.
             Was a Believer of Lugonu.
             Killed from afar by an oklob sapling wizard (17 damage)
             ... with a splash of acid
             ... in the Dungeon (Sprint IV: "Fedhas' Mad Dash").
             The game lasted 00:02:06 (637 turns).

MordorOrchid the Skirmisher (Gnoll Abyssal Knight)   Turns: 637, Time: 00:02:07

Health: -4/43      AC:  0    Str: 14    XL:     4   Next: 48%
Magic:  6/8        EV: 13    Int: 15    God:    Lugonu [**....]
Gold:   41         SH:  0    Dex: 15    Spells: 8/8 levels left

rFire    . . .     SeeInvis .   a - +1 short sword
rCold    . . .     Gourm    .   (no shield)
rNeg     . . .     Faith    .   b - +0 leather armour
rPois    .         Spirit   .   (no helmet)
rElec    .         Reflect  .   (no cloak)
rCorr    .         Harm     .   (no gloves)
MR       .....     NoTele   +   (no boots)
Stlth    ++........             d - amulet of invisibility {+Inv}
HPRegen  0.14/turn              (no ring)
MPRegen  0.11/turn              (no ring)

@: corroded, very slightly contaminated, invisible
A: distributed training, fangs 1, strong nose
a: Bend Space, Renounce Religion


You were in the Dungeon.
You worshipped Lugonu.
Lugonu was pleased with you.
You were not hungry.

You visited 1 branch You collected 41 gold pieces.

Inventory:

Hand Weapons
 a - a +1 short sword (weapon)
Armour
 b - a +0 leather armour (worn)
Jewellery
 d - the amulet of invisibility (around neck) {+Inv}
   (You found it in the Dungeon)

   [amulet of nothing]

   It lets you turn invisible.
Scrolls
 i - a scroll of blinking
Potions
 e - a potion of heal wounds
 g - 2 potions of magic
Comestibles
 c - a ration


   Skills:
 + Level 7.1 Fighting
 + Level 5.3 Short Blades
 + Level 2.6 Long Blades
 + Level 2.6 Axes
 + Level 2.6 Maces & Flails
 + Level 2.6 Polearms
 + Level 2.6 Staves
 + Level 2.6 Slings
 + Level 2.6 Bows
 + Level 2.6 Crossbows
 + Level 2.6 Throwing
 + Level 5.3 Armour
 + Level 3.7 Dodging
 + Level 2.6 Stealth
 + Level 2.6 Shields
 + Level 2.6 Unarmed Combat
 + Level 2.6 Spellcasting
 + Level 2.1 Conjurations
 + Level 2.1 Hexes
 + Level 2.1 Charms
 + Level 2.1 Summonings
 + Level 2.1 Necromancy
 + Level 2.1 Translocations
 + Level 2.1 Transmutations
 + Level 2.1 Fire Magic
 + Level 2.1 Ice Magic
 + Level 2.1 Air Magic
 + Level 2.1 Earth Magic
 + Level 2.1 Poison Magic
 + Level 5.5 Invocations
 + Level 2.6 Evocations


You had 8 spell levels left.
You didn't know any spells.
Your spell library was empty.

Dungeon Overview and Level Annotations

Branches:
Dungeon (1/1)

Altars:
Cheibriados
Dithmenos
Elyvilon
Gozag
Hepliaklqana
Kikubaaqudgha
Makhleb
Nemelex Xobeh
Okawaru
Qazlal
Ru
Sif Muna
Trog
Uskayaw
Vehumet
Wu Jian
Xom
Yredelemnul
Zin
The Shining One
Beogh
Jiyva
Lugonu

Annotations:
D exclusion: 2 oklob saplings


Innate Abilities, Weirdness & Mutations

Your experience applies equally to all skills.
You have very sharp teeth.
Your uncanny sense of smell can sniff out nearby items.


Message History

Okay, then.
You fade into invisibility!
You are very lightly contaminated with residual magic.
You feel quite a bit more hungry.
You open the door.
There is an open door here.
The oklob sapling wizard casts a spell at you.
The magic dart hits you!
You completely miss the oklob sapling wizard.
You catch the helpless oklob sapling wizard completely off-guard!
You puncture the oklob sapling wizard!
The oklob sapling wizard is severely damaged.
The oklob sapling wizard spits acid at you.
The splash of acid hits you! The acid corrodes you!
You are splashed with acid!
You hit the oklob sapling wizard but do no damage.
You bite the oklob sapling wizard, but do no damage.
The oklob sapling wizard is severely damaged.
The oklob sapling wizard spits acid at you.
The splash of acid hits you!
You die...

###################
.#.⌠._._._._.⌠.#.!+∆
.'.._._._._._..'@P#∆
∆
.#..._._._._...#..#
##.._._._._._..#.!#
∆ #._._._._._.⌠.####
∆############### ∆ ∆
∆ ∆ ∆∆ ∆


You could see an oklob sapling wizard.

Vanquished Creatures
  An oklob sapling (D)
  A worker ant (D)
  A river rat (D)
  A rat (D)
4 creatures vanquished.

Notes
Turn   | Place    | Note
-------+----------+-------------------------------------------
     0 | D        | MordorOrchid the Gnoll Abyssal Knight began the quest for
                  | the Orb.
     0 | D        | Reached XP level 1. HP: 23/23 MP: 3/3
    16 | D        | Reached ** piety under Lugonu
    16 | D        | Reached skill level 1 in Long Blades
    16 | D        | Reached skill level 1 in Axes
    16 | D        | Reached skill level 1 in Maces & Flails
    16 | D        | Reached skill level 1 in Polearms
    16 | D        | Reached skill level 1 in Staves
    16 | D        | Reached skill level 1 in Slings
    16 | D        | Reached skill level 1 in Bows
    16 | D        | Reached skill level 1 in Crossbows
    16 | D        | Reached skill level 1 in Throwing
    16 | D        | Reached skill level 1 in Stealth
    16 | D        | Reached skill level 1 in Shields
    16 | D        | Reached skill level 1 in Unarmed Combat
    16 | D        | Reached skill level 1 in Spellcasting
    16 | D        | Reached skill level 1 in Evocations
    16 | D        | Reached XP level 2. HP: 29/29 MP: 5/5
    60 | D        | Noticed an oklob sapling
    63 | D        | Found the amulet of invisibility {+Inv}
    70 | D        | Reached skill level 1 in Conjurations
    70 | D        | Reached skill level 1 in Hexes
    70 | D        | Reached skill level 1 in Charms
    70 | D        | Reached skill level 1 in Summonings
    70 | D        | Reached skill level 1 in Necromancy
    70 | D        | Reached skill level 1 in Translocations
    70 | D        | Reached skill level 1 in Transmutations
    70 | D        | Reached skill level 1 in Fire Magic
    70 | D        | Reached skill level 1 in Ice Magic
    70 | D        | Reached skill level 1 in Air Magic
    70 | D        | Reached skill level 1 in Earth Magic
    70 | D        | Reached skill level 1 in Poison Magic
    70 | D        | Reached skill level 5 in Invocations
    70 | D        | Reached XP level 3. HP: 6/35 MP: 6/6
   330 | D        | Found an opulent altar of Gozag.
   330 | D        | Found a hazy altar of Hepliaklqana.
   330 | D        | Found a burning altar of Makhleb.
   330 | D        | Found a sparkling altar of Nemelex Xobeh.
   330 | D        | Found a sacrificial altar of Ru.
   330 | D        | Found a shimmering blue altar of Sif Muna.
   330 | D        | Found an ornate altar of the Wu Jian Council.
   330 | D        | Found a shimmering altar of Xom.
   330 | D        | Found a basalt altar of Yredelemnul.
   331 | D        | Found a roughly hewn altar of Beogh.
   331 | D        | Found a snail-covered altar of Cheibriados.
   334 | D        | Found a viscous altar of Jiyva.
   334 | D        | Found a bloodstained altar of Trog.
   334 | D        | Noticed an oklob sapling priest
   335 | D        | Found an iron altar of Okawaru.
   335 | D        | Found a shadowy altar of Dithmenos.
   335 | D        | Found a glowing silver altar of Zin.
   336 | D        | Found an ancient bone altar of Kikubaaqudgha.
   336 | D        | Found a hide-covered altar of Uskayaw.
   337 | D        | Found a stormy altar of Qazlal.
   337 | D        | Found a white marble altar of Elyvilon.
   337 | D        | Found a glowing golden altar of the Shining One.
   338 | D        | Found a corrupted altar of Lugonu.
   338 | D        | Found a radiant altar of Vehumet.
   352 | D        | Killed an oklob sapling priest
   352 | D        | Reached skill level 7 in Fighting
   352 | D        | Reached skill level 5 in Short Blades
   352 | D        | Reached skill level 5 in Armour
   352 | D        | Reached XP level 4. HP: 8/43 MP: 5/8
   637 | D        | Killed from afar by an oklob sapling wizard

Illustrated notes

Levels and vault maps discovered:
D:        dungeon_sprint_fedhas [sprint_temple]

Skill      XL: |  1  2  3 |
---------------+----------+-----
Long Blades    | 1 2 |  2.6
Axes           | 1 2 |  2.6
Maces & Flails | 1 2 |  2.6
Polearms       | 1 2 |  2.6
Staves         | 1 2 |  2.6
Slings         | 1 2 |  2.6
Bows           | 1 2 |  2.6
Crossbows      | 1 2 |  2.6
Throwing       | 1 2 |  2.6
Stealth        | 1 2 |  2.6
Shields        | 1 2 |  2.6
Unarmed Combat | 1 2 |  2.6
Spellcasting   | 1 2 |  2.6
Evocations     | 1 2 |  2.6
Dodging        | 3 |  3.7
Conjurations   | 1 2 |  2.1
Hexes          | 1 2 |  2.1
Charms         | 1 2 |  2.1
Summonings     | 1 2 |  2.1
Necromancy     | 1 2 |  2.1
Translocations | 1 2 |  2.1
Transmutations | 1 2 |  2.1
Fire Magic     | 1 2 |  2.1
Ice Magic      | 1 2 |  2.1
Air Magic      | 1 2 |  2.1
Earth Magic    | 1 2 |  2.1
Poison Magic   | 1 2 |  2.1
Invocations    | 5 |  5.5
Fighting       | 7 |  7.1
Short Blades   | 5 |  5.3
Armour         | 5 |  5.3

Action                   |  1- 3 |  4- 6 || total
-------------------------+-------+-------++-------
Melee: Short sword       |    21 |     3 ||    24
       Bite              |     3 |     1 ||     4
 Abil: Evoke Invisibilit |     1 |     1 ||     2
  Use: Potion            |     3 |       ||     3
 Stab: Sleeping          |     1 |       ||     1
       Invisible         |     2 |     1 ||     3
Armor: Leather armour    |     1 |       ||     1
Dodge: Dodged            |     9 |       ||     9
